 Dungeon Crawl Stone Soup version 0.20-a0-2-g2b0e13a (webtiles) character file.

317 Kaname the Stinger (level 6, -4/41 HPs)
             Began as a Demonspawn Venom Mage on Oct 27, 2016.
             Slain by Edmund
             ... wielding a +2 flail of pain
              (10 damage)
             ... on level 4 of the Dungeon.
             The game lasted 00:10:47 (3579 turns).

Kaname the Stinger (Demonspawn Venom Mage)          Turns: 3579, Time: 00:10:49

Health: -4/41      AC:  9    Str:  9    XL:     6   Next: 20%
Magic:  8/9        EV: 12    Int: 18    God:
Gold:   152        SH:  0    Dex: 13    Spells: 3 memorised, 1 level left

rFire  + . .     SeeInvis .     s - +2 quarterstaff (chaos)
rCold  + . .     Gourm    .     a - +0 robe
rNeg   . . .     Faith    .     (shield currently unavailable)
rPois  .         Spirit   .     d - +2 hat
rElec  .         Reflect  .     f - +0 cloak
rCorr  .         Harm     .     q - +0 pair of gloves
MR     .....                    (no boots)
Stlth  ++........               (no amulet)
                                l - ring of protection from cold
                                j - ring of fire

@: no status effects
A: thin metallic scales 2, cold resistance 1, spiny 1
a: no special abilities


You were on level 4 of the Dungeon.
You were hungry.

You visited 1 branch of the dungeon, and saw 4 of its levels.

You collected 152 gold pieces.

Inventory:

Hand Weapons
 s - a +2 quarterstaff of chaos (weapon)
Armour
 a - a +0 robe (worn)
 d - a +2 hat (worn)
 f - a +0 cloak (worn)
 q - a +0 pair of gloves (worn)
Jewellery
 j - a ring of fire (left hand)
 l - a ring of protection from cold (right hand)
Scrolls
 e - a scroll of blinking {unknown}
 h - a scroll of teleportation
 k - 2 scrolls of remove curse
 m - 2 scrolls of identify {unknown}
 t - a scroll of immolation {unknown}
 u - 2 scrolls of recharging {unknown}
Potions
 g - 2 potions of curing {unknown}
 i - a potion of cure mutation {unknown}
 n - 4 potions of flight {unknown}
 w - a potion of lignification {unknown}
Books
 b - a Young Poisoner's Handbook

   Spells                             Type                      Level
   a - Sting                          Conjuration/Poison           1
   b - Mephitic Cloud                 Conjuration/Poison/Air       3
   c - Olgreb's Toxic Radiance        Poison                       4
   d - Alistair's Intoxication        Transmutation/Poison         5
   e - Venom Bolt                     Conjuration/Poison           5
Comestibles
 c - 3 bread rations
 o - a beef jerky
 p - a royal jelly
 v - a meat ration


   Skills:
 - Level 1.7 Dodging
 - Level 1.7 Stealth
 - Level 2.0 Spellcasting
 - Level 4.0 Conjurations
 - Level 2.0 Air Magic
 + Level 5.6 Poison Magic


You had one spell level left.
You knew the following spells:

 Your Spells              Type           Power        Failure   Level  Hunger
a - Sting                 Conj/Pois      ###.         2%          1    #......
b - Mephitic Cloud        Conj/Pois/Air  ###.....     14%         3    ###....
c - Olgreb's Toxic Radia  Pois           ###.....     21%         4    #####..


Dungeon Overview and Level Annotations

Branches:
Dungeon (4/15)
 Temple: D:4-7

Altars:
Ru

Annotations:
D:4 Edmund


Innate Abilities, Weirdness & Mutations

You are mostly covered in thin metallic scales. (AC +3)
Your flesh is cold resistant. (rC+)
You are partially covered in sharp spines.


Message History

Edmund is heavily wounded.
Edmund hits you but does no damage.
You hit Edmund but do no damage.
Edmund is heavily wounded.
Edmund closely misses you. Edmund hits you with a flail of pain.
* * * LOW HITPOINT WARNING * * *
You writhe in agony.
* * * LOW HITPOINT WARNING * * *
You barely miss Edmund.
Edmund is heavily wounded.
Edmund hits you with a flail of pain.
* * * LOW HITPOINT WARNING * * *
You writhe in agony.
* * * LOW HITPOINT WARNING * * *
Edmund hits you with a flail of pain.
* * * LOW HITPOINT WARNING * * *
You barely miss Edmund.
Edmund is heavily wounded.
Edmund hits you with a flail of pain!
You die...

#
#.....#=##
#
#....>...#
# #........
# #.$$....
# #.$...#
#.....# .
#.@†..# #b
#.@# ..
##.## .#
#.<.####..#
#.#..)....#
#...#####.#
##.## #. #>
..


You could see Edmund (berserk).

Vanquished Creatures
  An ogre (D:4)
  Crazy Yiuf (D:2)
  Jessica (D:3)
  A worker ant (D:3)
  3 adders (D:2)
  A shadow imp (D:3)
  2 worms
  4 dart slugs
  9 leopard geckos
  An orc (D:3)
  3 giant cockroaches
  8 goblins
  13 hobgoblins
  15 jackals
  12 kobolds
  A quokka (D:2)
  3 ball pythons
  6 bats
  A frilled lizard (D:1)
  7 rats
  A fungus (D:2)
94 creatures vanquished.

Notes
Turn   | Place    | Note
-------+----------+-------------------------------------------
     0 | D:1      | Kaname the Demonspawn Venom Mage began the quest for the Orb.
     0 | D:1      | Reached XP level 1. HP: 13/13 MP: 3/3
    49 | D:1      | Reached skill level 1 in Conjurations
   250 | D:1      | Gained mutation: You are partially covered in thin metallic scales. (AC +2) [demonic ancestry]
   250 | D:1      | Reached XP level 2. HP: 14/19 MP: 3/5
   618 | D:1      | Gained mutation: You are mostly covered in thin metallic scales. (AC +3) [demonic ancestry]
   618 | D:1      | Reached XP level 3. HP: 19/24 MP: 0/6
   712 | D:1      | Learned a level 3 spell: Mephitic Cloud
  1778 | D:2      | Gained mutation: Your flesh is cold resistant. (rC+) [demonic ancestry]
  1778 | D:2      | Reached XP level 4. HP: 30/30 MP: 2/7
  2314 | D:2      | Found a runed door.
  2318 | D:2      | Noticed Crazy Yiuf
  2327 | D:2      | Killed Crazy Yiuf
  2327 | D:2      | Reached skill level 1 in Air Magic
  2398 | D:3      | Reached XP level 5. HP: 35/35 MP: 8/8
  2406 | D:3      | Learned a level 4 spell: Olgreb's Toxic Radiance
  2688 | D:3      | Noticed Jessica
  2691 | D:3      | Killed Jessica
  2718 | D:3      | Found a sacrificial altar of Ru.
  3130 | D:3      | Reached skill level 5 in Poison Magic
  3488 | D:4      | Noticed a phantom
  3488 | D:4      | Noticed an ogre
  3543 | D:4      | Noticed an ogre
  3554 | D:4      | Killed an ogre
  3554 | D:4      | Gained mutation: You are partially covered in sharp spines. [demonic ancestry]
  3554 | D:4      | Reached XP level 6. HP: 41/41 MP: 5/9
  3564 | D:4      | Noticed Edmund
  3579 | D:4      | Slain by Edmund

Vault maps used:
D:1:      dpeg_arrival_simpleton_b
D:2:      uniq_crazy_yiuf_cottage
D:3:      nicolae_ru_awakened_eye, uniq_jessica
D:4:      minmay_door_path, first_bread, minmay_guarded_unrand_vampires_tooth,
          uniq_edmund

Skill      XL: |  1  2  3  4  5 |
---------------+----------------+-----
Conjurations   | 1 2 3 4 |  4.0
Air Magic      | 1 2 |  2.0
Poison Magic   | 5 |  5.6
Dodging        | |  1.7
Stealth        | |  1.7
Spellcasting   | |  2.0

Action                   |  1- 3 |  4- 6 || total
-------------------------+-------+-------++-------
Melee: Unarmed           |    21 |       ||    21
       Dagger            |    49 |    46 ||    95
       Quarterstaff      |       |    82 ||    82
 Cast: Sting             |    75 |    45 ||   120
       Mephitic Cloud    |       |     1 ||     1
  Use: Scroll            |       |     3 ||     3
 Stab: Sleeping          |     2 |     2 ||     4
       Confused          |       |     1 ||     1
  Eat: Chunk             |     3 |     7 ||    10
Armor: Robe              |    26 |    36 ||    62
Dodge: Dodged            |    50 |    72 ||   122
